AoeStats
← eyupfc

Arabia

505728348Analyzed
1v1 RM · 21d ago on Sep 10, 2026· 16m 34s· 2 players
Game mode
Random Map
Map size
Tiny (2 player)
Population
200
Speed
Normal
Resources
Standard
Victory
Conquest
Starting age
Dark Age
Ending age
Imperial Age
RankedLock teamsTeams togetherTeam positionsShared explorationLock speedFull tech treeHidden civsTurbo modeCheats
Victory
Defeat
🇹🇷 Inca · Türkiye
1212
+14
🇩🇪 Spanish · Germany
1172
-14
eyupfc
7:00 Loom
9:13 Feudal Age
9:24 Champi Runner
9:54 Double-Bit Axe
15:37 Arson
Zeke
10:57 Loom
12:43 Feudal Age
15:23 Double-Bit Axe
Connection lost

Rejoining the realm…

Still unreachable

The connection could not be restored.

Session expired

The server has moved on; the page needs a fresh start.